 Dungeon Crawl Stone Soup version 0.21-a0-517-gd76cfe0 (webtiles) character file.

145 Firecrotchwizard the Caller (level 5, -2/37 HPs)
             Began as a Gnoll Summoner on Dec 4, 2017.
             Slain by a hound (4 damage)
             ... summoned by the player character
             ... on level 4 of the Dungeon.
             The game lasted 00:08:29 (3558 turns).

Firecrotchwizard the Caller (Gnoll Summoner)        Turns: 3558, Time: 00:08:30

Health: -2/37      AC:  2    Str: 11    XL:     5   Next: 27%
Magic:  7/12       EV: 15    Int: 18    God:
Gold:   234        SH:  0    Dex: 15    Spells: 4/14 levels left

rFire    . . .     SeeInvis .   x - +0 war axe (freeze)
rCold    . . .     Gourm    .   (no shield)
rNeg     . . .     Faith    .   a - +0 robe
rPois    .         Spirit   .   (no helmet)
rElec    .         Reflect  .   (no cloak)
rCorr    .         Harm     .   (no gloves)
MR       .....                  (no boots)
Stlth    +++.......             (no amulet)
HPRegen  0.12/turn              (no ring)
MPRegen  0.13/turn              (no ring)

@: no status effects
A: distributed training, fangs 1, strong nose
a: no special abilities


You were on level 4 of the Dungeon.
You were not hungry.

You visited 1 branch of the dungeon, and saw 4 of its levels.

You collected 234 gold pieces.

Inventory:

Hand Weapons
 h - a +0 short sword
   (You took it off a hobgoblin on level 1 of the Dungeon)
 m - a cursed -1 hunting sling
   (You took it off a goblin on level 2 of the Dungeon)
 u - a +0 trident
   (You took it off an orc on level 3 of the Dungeon)
 x - a +0 war axe of freezing (weapon)
   (You found it on level 4 of the Dungeon)
Armour
 a - a +0 robe (worn)
Wands
 r - a wand of iceblast (8)
   (You took it off an orc on level 3 of the Dungeon)
Scrolls
 d - 4 scrolls of identify {unknown}
 e - 2 scrolls of blinking {unknown}
 i - 2 scrolls of amnesia {unknown}
 j - a scroll of enchant armour {unknown}
 k - 2 scrolls of enchant weapon {unknown}
 l - a scroll of random uselessness {unknown}
 o - a scroll of immolation {unknown}
 s - 2 scrolls of teleportation {unknown}
Potions
 f - a potion of flight {unknown}
 g - a potion of heal wounds {unknown}
 p - 2 potions of agility {unknown}
 v - a potion of haste {unknown}
Books
 b - a book of Callings
 n - a book of Cantrips
   (You found it on level 2 of the Dungeon)
Comestibles
 c - 4 bread rations {@e1}
 q - a meat ration {@e2}
 t - 4 chunks of flesh {@w0}
 w - a royal jelly


   Skills:
 + Level 1.4 Fighting
 + Level 1.4 Short Blades
 + Level 1.4 Long Blades
 + Level 1.4 Axes
 + Level 1.4 Maces & Flails
 + Level 1.4 Polearms
 + Level 1.4 Staves
 + Level 1.4 Slings
 + Level 1.4 Bows
 + Level 1.4 Crossbows
 + Level 1.4 Throwing
 + Level 1.4 Armour
 + Level 4.7 Dodging
 + Level 4.3 Stealth
 + Level 1.4 Shields
 + Level 1.4 Unarmed Combat
 + Level 5.1 Spellcasting
 + Level 1.1 Conjurations
 + Level 1.1 Hexes
 + Level 1.1 Charms
 + Level 7.2 Summonings
 + Level 1.1 Necromancy
 + Level 1.1 Translocations
 + Level 1.1 Transmutations
 + Level 1.1 Fire Magic
 + Level 1.1 Ice Magic
 + Level 1.1 Air Magic
 + Level 1.1 Earth Magic
 + Level 1.1 Poison Magic
 + Level 1.5 Invocations
 + Level 1.4 Evocations


You had 4 spell levels left.
You knew the following spells:

 Your Spells              Type           Power        Failure   Level  Hunger
a - Summon Small Mammal   Summ           ####         1%          1    None
b - Call Canine Familiar  Summ           ####....     1%          3    ##.....
c - Call Imp              Summ           ####....     1%          2    #......
d - Summon Ice Beast      Ice/Summ       ###.....     24%         4    ####...


Dungeon Overview and Level Annotations

Branches:
Dungeon (4/15)
 Temple: D:4-7

Altars:
Ashenzari
Qazlal

Annotations:
D:4 slep's ghost, amateur DsGl


Innate Abilities, Weirdness & Mutations

Your experience applies equally to all skills.
You have very sharp teeth.
Your uncanny sense of smell can sniff out nearby items.


Message History

You miss the jackal. You barely miss the jackal. The jackal barely misses you.
The jackal misses you. The jackal bites you. The jackal closely misses you.
Your hound bites the jackal.
You take 1 damage, and have 36/37 hp.
You closely miss the jackal. You hit the jackal but do no damage.
Your hound bites the jackal but does no damage.
The jackal closely misses you. x2; Your hound misses the jackal.
The jackal completely misses you. The jackal closely misses you.
You slash the jackal! You freeze the jackal.
You kill the jackal!
You closely miss the jackal. The jackal bites you.
Your hound bites the jackal.
The jackal bites you.
You take 4 damage, and have 32/37 hp.
You hit the jackal. You freeze the jackal.
You kill the jackal!
No target in view!
You found a teleport trap!
You see here a jackal corpse.
You butcher the jackal corpse.
t - 3 chunks of flesh {@w0} (gained 2)
You butcher the jackal corpse.
t - 4 chunks of flesh {@w0} (gained 1)
You open the door.
There is an open door here.
Found a stone staircase leading up.
You open the door.
There is an open door here.
An orc comes into view. It is wielding a short sword.
The orc throws a tomahawk.
The tomahawk closely misses you.
You see here a tomahawk.
You regained 2 hp, and now have 35/37 hp.
A leopard gecko skeleton comes into view.
The orc throws a tomahawk.
The tomahawk hits you.
You see here a tomahawk.
You take 6 damage, and have 29/37 hp.
The orc barely misses you.
You hit the orc. You freeze the orc.
Your hound bites the orc.
The orc dies!
You swap places.
You swap places.
Your hound bites the leopard gecko skeleton!
The leopard gecko skeleton is destroyed!
No target in view!
No target in view!
Okay, then.
Okay, then.
You swap places.
You open the door.
A quokka comes into view.
Slep's ghost (amateur Demonspawn Gladiator) comes into view.
There is an open door here.
You close the door.
Your hound disappears in a puff of smoke!
You now have 9/12 mp.
You now have 8/12 mp.
A beastly little devil appears in a puff of flame.
Your hound bites slep's ghost but does no damage. x2
You now have 6/12 mp.
That item cannot be evoked!
Aim: slep's ghost Really fire at your hound?
The mass of ice explodes!
The iceblast engulfs slep's ghost.
The iceblast engulfs your hound.
You hit slep's ghost. You freeze slep's ghost. Your bite misses slep's ghost.
The hound barely misses your rat. Slep's ghost hits you!
The hound bites your rat.
Your rat dies!
Your rat's corpse disappears in a puff of smoke!
Your crimson imp misses slep's ghost.
Slep's ghost misses you.
You take 8 damage, and have 23/37 hp.
MASSIVE DAMAGE!!
You barely miss slep's ghost.
You bite slep's ghost, but do no damage.
The hound closely misses you.
Your crimson imp barely misses slep's ghost.
Slep's ghost misses you.
Your crimson imp closely misses slep's ghost.
The hound closely misses you.
You hit slep's ghost but do no damage. You barely miss the hound.
The hound barely misses you. Slep's ghost hits you.
Your crimson imp hits slep's ghost but does no damage.
The hound closely misses you. Slep's ghost hits you!
* * * LOW HITPOINT WARNING * * *
You take 12 damage, and have 11/37 hp.
MASSIVE DAMAGE!!
You barely miss slep's ghost. You closely miss the hound.
The hound bites you but does no damage.
Your crimson imp blinks!
Slep's ghost hits you.
* * * LOW HITPOINT WARNING * * *
The hound bites you.
* * * LOW HITPOINT WARNING * * *
You take 9 damage, and have 2/37 hp.
MASSIVE DAMAGE!!
You closely miss the hound. You hit slep's ghost but do no damage.
The hound closely misses you. Slep's ghost misses you.
The hound barely misses you. Slep's ghost closely misses you.
You hit the hound but do no damage. You barely miss slep's ghost.
The hound bites you.
You die...

###############
r..............
...............
####+###+#######
......W@.......#
......h........# ....
..........5....# ....
..........)..(.+ #..#
...............#####..#.
##'##########..(...#..#.
#.. +......#..#. '.
#......#..#.
#......#'##.


You could see a hound, slep's ghost and a friendly crimson imp.

Vanquished Creatures
  2 adders
  2 dart slugs
  3 leopard geckos
  2 orcs (D:3)
  2 ball pythons
  9 goblins
  3 hobgoblins
  3 jackals (D:4)
  4 bats
  A frilled lizard (D:1)
  7 kobolds
  A leopard gecko skeleton (D:4)
  9 rats
48 creatures vanquished.

Vanquished Creatures (collateral kills)
  An orc priest (D:3)
  A worker ant (D:4)
  2 adders
  An ooze (D:2)
  3 worms
  7 orcs
  A goblin (D:1)
  2 hobgoblins (D:1)
  A jackal (D:4)
  2 kobolds
  2 quokkas
  2 frilled lizards (D:2)
  A leopard gecko skeleton (D:4)
  A rat (D:1)
27 creatures vanquished.

Grand Total: 75 creatures vanquished

Notes
Turn   | Place    | Note
-------+----------+-------------------------------------------
     0 | D:1      | Firecrotchwizard the Gnoll Summoner began the quest for the Orb.
     0 | D:1      | Reached XP level 1. HP: 13/13 MP: 6/6
     2 | D:1      | Noticed a gargoyle
     2 | D:1      | Noticed an octopode
     4 | D:1      | Noticed a merfolk
     6 | D:1      | Noticed a felid
     6 | D:1      | Noticed a centaur
     8 | D:1      | Noticed a demonspawn
     8 | D:1      | Noticed an ogre
    10 | D:1      | Noticed a formicid
    12 | D:1      | Noticed a halfling
    12 | D:1      | Noticed a vine stalker
    14 | D:1      | Noticed an elf
    16 | D:1      | Noticed a draconian
    16 | D:1      | Noticed a human
    18 | D:1      | Noticed a vampire
    18 | D:1      | Noticed a naga
    20 | D:1      | Noticed a troll
    20 | D:1      | Noticed a dwarf
    23 | D:1      | Noticed a minotaur
    23 | D:1      | Noticed a spriggan
    25 | D:1      | Noticed a tengu
    27 | D:1      | Noticed a demigod
    27 | D:1      | Noticed a ghoul
   516 | D:1      | Reached XP level 2. HP: 19/19 MP: 5/7
   531 | D:1      | Learned a level 2 spell: Call Imp
  1145 | D:2      | Reached XP level 3. HP: 25/25 MP: 7/9
  1150 | D:2      | Learned a level 3 spell: Call Canine Familiar
  1173 | D:2      | Reached skill level 5 in Spellcasting
  1253 | D:2      | Found a stormy altar of Qazlal.
  1509 | D:2      | Reached skill level 1 in Invocations
  1527 | D:2      | HP: 6/25 [poisoned by an adder]
  1535 | D:2      | HP: 5/25 [poisoned by an adder]
  2125 | D:2      | Reached skill level 1 in Fighting
  2125 | D:2      | Reached skill level 1 in Short Blades
  2125 | D:2      | Reached skill level 1 in Long Blades
  2125 | D:2      | Reached skill level 1 in Axes
  2125 | D:2      | Reached skill level 1 in Maces & Flails
  2125 | D:2      | Reached skill level 1 in Polearms
  2125 | D:2      | Reached skill level 1 in Staves
  2125 | D:2      | Reached skill level 1 in Slings
  2125 | D:2      | Reached skill level 1 in Bows
  2125 | D:2      | Reached skill level 1 in Crossbows
  2125 | D:2      | Reached skill level 1 in Throwing
  2125 | D:2      | Reached skill level 1 in Armour
  2125 | D:2      | Reached skill level 1 in Shields
  2125 | D:2      | Reached skill level 1 in Unarmed Combat
  2125 | D:2      | Reached skill level 1 in Evocations
  2454 | D:2      | Reached XP level 4. HP: 32/32 MP: 6/11
  2582 | D:3      | Learned a level 4 spell: Summon Ice Beast
  2714 | D:3      | Reached skill level 1 in Conjurations
  2714 | D:3      | Reached skill level 1 in Hexes
  2714 | D:3      | Reached skill level 1 in Charms
  2714 | D:3      | Reached skill level 1 in Necromancy
  2714 | D:3      | Reached skill level 1 in Translocations
  2714 | D:3      | Reached skill level 1 in Transmutations
  2714 | D:3      | Reached skill level 1 in Fire Magic
  2714 | D:3      | Reached skill level 1 in Ice Magic
  2714 | D:3      | Reached skill level 1 in Air Magic
  2714 | D:3      | Reached skill level 1 in Earth Magic
  2714 | D:3      | Reached skill level 1 in Poison Magic
  3091 | D:3      | Found a shattered altar of Ashenzari.
  3100 | D:3      | Reached XP level 5. HP: 37/37 MP: 12/12
  3547 | D:4      | Noticed slep's ghost (amateur DsGl)
  3556 | D:4      | HP: 7/37 [slep's ghost (5)]
  3556 | D:4      | HP: 2/37 [hound[the player character] (5)]
  3558 | D:4      | Slain by a hound

Vault maps used:
D:1:      kb_arrival_jail
D:2:      minmay_misc_feat_four_crosses, grunt_qazlal_sundering
D:3:      evilmike_ruin_ashenzari
D:4:      serial_shops, nicolae_shop_crystal, uniq_grinder

Skill      XL: |  1  2  3  4 |
---------------+-------------+-----
Spellcasting   | 5 |  5.1
Invocations    | 1 |  1.5
Fighting       | 1 |  1.4
Short Blades   | 1 |  1.4
Long Blades    | 1 |  1.4
Axes           | 1 |  1.4
Maces & Flails | 1 |  1.4
Polearms       | 1 |  1.4
Staves         | 1 |  1.4
Slings         | 1 |  1.4
Bows           | 1 |  1.4
Crossbows      | 1 |  1.4
Throwing       | 1 |  1.4
Armour         | 1 |  1.4
Shields        | 1 |  1.4
Unarmed Combat | 1 |  1.4
Evocations     | 1 |  1.4
Conjurations   | 1 |  1.1
Hexes          | 1 |  1.1
Charms         | 1 |  1.1
Necromancy     | 1 |  1.1
Translocations | 1 |  1.1
Transmutations | 1 |  1.1
Fire Magic     | 1 |  1.1
Ice Magic      | 1 |  1.1
Air Magic      | 1 |  1.1
Earth Magic    | 1 |  1.1
Poison Magic   | 1 |  1.1
Dodging        | |  4.7
Stealth        | |  4.3
Summonings     | |  7.2

Action                   |  1- 3 |  4- 6 || total
-------------------------+-------+-------++-------
Melee: Unarmed           |    47 |       ||    47
       Bite              |     8 |     4 ||    12
       Short sword       |    69 |    29 ||    98
       Trident           |       |    19 ||    19
       War axe           |       |    15 ||    15
 Cast: Summon Small Mamm |    12 |     4 ||    16
       Call Imp          |     1 |     1 ||     2
       Call Canine Famil |     8 |     9 ||    17
Evoke: Wand              |       |     1 ||     1
 Stab: Sleeping          |     7 |     5 ||    12
  Eat: Chunk             |     5 |     4 ||     9
Armor: Robe              |    11 |     1 ||    12
Dodge: Dodged            |    86 |    50 ||   136

Table legend:
 A = Spawn XP
 B = Non-spawn XP
 C = Spawn XP percentage of total XP
 D = Spawn monster count
 E = Non-spawn monster count
 F = Spawn count percentage of total count
 G = Total turns spent on level
                    A         B        C        D         E        F      G
               +---------+---------+-------+---------+---------+-------+---------
         Total |       0 |     208 |   0.0 |       0 |      75 |   0.0 |  3558
               +---------+---------+-------+---------+---------+-------+---------
           D:1 |       0 |      28 |   0.0 |       0 |      21 |   0.0 |  1026
           D:2 |       0 |      57 |   0.0 |       0 |      24 |   0.0 |  1546
           D:3 |       0 |      86 |   0.0 |       0 |      21 |   0.0 |   767
           D:4 |       0 |      37 |   0.0 |       0 |       9 |   0.0 |   219
               +---------+---------+-------+---------+---------+-------+---------

Vault maps used:
D:1:      kb_arrival_jail
D:2:      minmay_misc_feat_four_crosses, grunt_qazlal_sundering
D:3:      evilmike_ruin_ashenzari
D:4:      serial_shops, nicolae_shop_crystal, uniq_grinder

Table legend:
 A = Turns spent in this place as a percentage of turns spent in the entire game.
 B = Non-inter-level travel turns spent in this place as a percentage of non-inter-level travel turns spent in the entire game.
 C = Inter-level travel turns spent in this place as a percentage of turns spent in this place.
 D = Turns resting spent in this place as a percentage of non-inter-level travel turns spent in this place.
 E = Turns spent auto-exploring this place as a percentage of non-inter-level travel turns spent in this place.
 F = Non-inter-level travel turns spent in this place divided by the number of levels of this place that you've seen.
                   A       B       C       D       E      F
               +-------+-------+-------+-------+-------+----------------------
         Total | 100.0 | 100.0 |   1.8 |  38.5 |  45.6 | 873.8
       Dungeon | 100.0 | 100.0 |   1.8 |  38.5 |  45.6 | 873.8
               +-------+-------+-------+-------+-------+----------------------

Table legend:
 A = Kills in this place as a percentage of kills in entire the game.
 B = Kills by you in this place as a percentage of kills by you in the entire game.
 C = Kills by friends in this place as a percentage of kills by friends in the entire game.
 D = Other kills in this place as a percentage of other kills in the entire game.
 E = Experience gained in this place as a percentage of experience gained in the entire game.
 F = Experience gained in this place divided by the number of levels of this place that you have seen.
                   A       B       C       D       E      F
               +-------+-------+-------+-------+-------+----------------------
         Total | 100.0 | 100.0 | 100.0 |   N/A | 100.0 |  52.0
       Dungeon | 100.0 | 100.0 | 100.0 |   N/A | 100.0 |  52.0
               +-------+-------+-------+-------+-------+----------------------
